 Dungeon Crawl Stone Soup version 0.30-a0-1164-ge08a67761e (webtiles) character file.

Game seed: 18031708116338198392

1358 Sobieck the Thaumaturge (level 8, 0/41 HPs)
             Began as a Deep Elf Venom Mage on Apr 29, 2023.
             Was an Initiate of Sif Muna.
             Slain by a sky beast (6 damage)
             ... on level 6 of the Dungeon.
             The game lasted 00:16:37 (5798 turns).

Sobieck the Thaumaturge (Deep Elf Venom Mage)       Turns: 5798, Time: 00:16:38

Health: 0/41       AC:  4    Str:  5    XL:     8   Next: 37%
Magic:  23/24      EV: 12    Int: 23    God:    Sif Muna [......]
Gold:   282        SH:  0    Dex: 15    Spells: 13/27 levels left

rFire   . . .        a - +1 dagger (elec) {short}
rCold   . . .        (no shield)
rNeg    . . .        e - +0 robe
rPois   +            L - +0 helmet
rElec   .            m - +0 cloak
rCorr   .            (no gloves)
SInv    .            (no boots)
Will    .....        (no amulet)
Stlth   ++           l - ring of poison resistance
HPRegen 0.26/turn    (no ring)
MPRegen 0.19/turn

%: no passive effects
@: no status effects
A: no striking features
a: Renounce Religion


You were on level 6 of the Dungeon.
You worshipped Sif Muna.
Sif Muna was noncommittal.
You visited 2 branches of the dungeon, and saw 7 of its levels.

You collected 282 gold pieces.


   Skills:
 - Level 2.4 Dodging
 - Level 2.4 Stealth
 - Level 10.0 Spellcasting
 - Level 2.0 Conjurations
 + Level 2.4 Summonings
 - Level 2.0 Transmutations
 + Level 2.4 Air Magic
 - Level 7.0 Poison Magic


You had 13 spell levels left.
You knew the following spells:

 Your Spells              Type           Power      Damage    Failure   Level
a - Sting                 Tmut/Pois      100%       1d8       1%          1
b - Poisonous Vapours     Pois/Air       66%        N/A       1%          2
c - Mephitic Cloud        Conj/Pois/Air  28%        N/A       3%          3
d - Olgreb's Toxic Radia  Pois           43%        N/A       3%          4
e - Summon Lightning Spi  Summ/Air       22%        N/A       21%         4

Your spell library contained the following spells:

 Spells                   Type           Power      Damage    Failure   Level
 Ozocubu's Armour         Ice            11%        N/A       17%         3
 Ozocubu's Refrigeration  Ice            5%         4d8       100%        7
 Storm Form               Tmut/Air       10%        N/A       100%        7
 Maxwell's Capacitive Co  Air            11%        ∞         100%        8

Inventory:

Hand Weapons
 a - a +1 dagger of electrocution (weapon) {short}
   (You took it off a goblin on level 1 of the Dungeon)
Missiles
 c - 47 stones {throwing}
 i - 2 javelins {throwing}
 y - 7 boomerangs {throwing}
 K - 4 poisoned darts {throwing}
Armour
 e - a +0 robe (worn)
 g - a +0 ring mail
   (You found it on level 1 of the Dungeon)
 k - a +0 ring mail
   (You found it on level 1 of the Dungeon)
 m - a +0 cloak (worn)
   (You found it on level 2 of the Dungeon)
 t - a +0 robe
   (You found it on level 2 of the Dungeon)
 w - a +0 robe
   (You found it on level 3 of the Dungeon)
 z - a +0 leather armour
   (You found it on level 3 of the Dungeon)
 C - a +0 robe
   (You found it on level 4 of the Dungeon)
 D - a +0 ring mail
   (You took it off an orc priest on level 4 of the Dungeon)
 E - a +0 buckler
   (You found it on level 4 of the Dungeon)
 F - a +0 ring mail
   (You took it off an orc on level 4 of the Dungeon)
 G - a +0 leather armour
   (You took it off an orc on level 4 of the Dungeon)
 H - a +0 leather armour
   (You took it off an orc on level 4 of the Dungeon)
 I - a +0 ring mail of fire resistance
   (You took it off an orc priest on level 4 of the Dungeon)
 L - a +0 helmet (worn)
   (You found it on level 4 of the Dungeon)
 M - a +0 leather armour
   (You took it off a gnoll bouda on level 4 of the Dungeon)
 N - a +0 robe
   (You found it on level 5 of the Dungeon)
 O - a +0 leather armour
   (You took it off Ijyb on level 5 of the Dungeon)
 S - a +0 leather armour
   (You took it off an orc on level 6 of the Dungeon)
Jewellery
 l - a ring of poison resistance (left hand)
   (You found it on level 6 of the Dungeon)
 n - a ring of fire
   (You found it on level 2 of the Dungeon)
Wands
 A - a wand of flame (14)
   (You found it on level 4 of the Dungeon)
 P - a wand of digging (8)
   (You took it off Ijyb on level 5 of the Dungeon)
Scrolls
 d - a scroll of identify {@r1}
 o - a scroll of magic mapping {!r}
Potions
 b - 2 potions of magic
 f - 2 potions of curing {@q1}
 h - a potion of invisibility
 j - a potion of lignification {!q}
 q - a potion of degeneration {unknown}
 r - a potion of flight {unknown}
 v - a potion of berserk rage {unknown}
 B - 3 potions of cancellation
 Q - a potion of heal wounds {unknown}

Dungeon Overview and Level Annotations

Branches:
Dungeon (6/15) Zot: 26481  Temple (1/1) D:5 Zot: 5989

Altars:
Ashenzari
Cheibriados
Fedhas
Gozag
Hepliaklqana
Nemelex Xobeh
Sif Muna
Trog
Wu Jian
The Shining One

Shops:
D:4 *

Annotations:
D:4 1 transporter, exclusion: wight

......##.....##..#.#####
.......###...##....#
##..#### #.........#
#...#####...##....#
#...........###.#.#
#...#######.......#
##### #####s### #h# #@#
#{### ###### #f#.. .....
#.#.# #..#
#.#.#####..###
#.#.#........#
##.#.#.###..#.#
.###....#.# #..#.#.#
#..........###......#


You could see a friendly sleepcap (summoned, wandering), a friendly scorpion
(summoned, wandering) and a friendly howler monkey (summoned, wandering).


Message History

Press: ? - help, Shift-Dir - straight line, f/p - black bear
Aim: a black bear (heavily wounded, confused, very poisoned, 95% to hit)
The sting hits the black bear but does no damage.
The black bear looks as sick as possible!
The black bear seems less confused.
The black bear attacks as you move away!
The black bear bites you but does no damage.
The black bear barely misses you. x2
The black bear attacks as you move away!
The black bear barely misses you. The black bear claws you.
The black bear closely misses you.
You kill the black bear!
Sif Muna accepts your kill.
Training target 2.0 for Summonings reached!
Your Summonings skill increases to level 2!
You need to enable at least one skill for training.
There is a stone staircase leading up here.
Unknown command.
Casting: Sting (safe; 1% risk of failure)
Confirm with . or Enter, or press ? or * to list all spells.
Okay, then.
Unknown command.
You start resting.
Unknown command.
You start resting.
Unknown command.
d - a scroll of identify {@r1} You open the door.
There is an open door here.
You now have 257 gold pieces (gained 6).
As you open the door, it creaks loudly!
There is an open door here.
There is a stone staircase leading up here.
You climb upwards.
There is a stone staircase leading down here.
You see here a +0 dagger {short}.
There is a stone staircase leading down here.
You climb downwards.
There is a stone staircase leading up here.
Unknown command.
Unknown command.
Unknown command.
Found a broken altar of Ashenzari.
You now have 266 gold pieces (gained 9).
Unknown command.
l - a ring of poison resistance You now have 282 gold pieces (gained 16).
Unknown command.
l - a ring of poison resistance (left hand)
A sky beast comes into view.
Danger!
Unknown command.
Casting: Sting (safe; 1% risk of failure)
Confirm with . or Enter, or press ? or * to list all spells.
Aiming: Poisonous Vapours (safe; 1% risk of failure)
Press: ? - help, Dir - move target, f - sky beast
Aim: a sky beast (asleep) Poisonous vapours surround the sky beast!
The sky beast is poisoned.
Casting: Poisonous Vapours (safe; 1% risk of failure)
Confirm with . or Enter, or press ? or * to list all spells.
Aiming: Poisonous Vapours (safe; 1% risk of failure)
Press: ? - help, Dir - move target, f/p - sky beast
Aim: a sky beast (lightly wounded, very poisoned) Poisonous vapours surround the sky beast!
The sky beast looks as sick as possible!
Unknown command.
The sky beast attacks as you move away! The sky beast closely misses you.
Unknown command.
The sky beast attacks as you move away! The sky beast barely misses you.
Unknown command.
The sky beast attacks as you move away!
The sky beast hits you but does no damage.
The sky beast attacks as you move away! The sky beast hits you.
The sky beast shocks you. The sky beast attacks as you move away!
The sky beast hits you but does no damage.
The sky beast flickers out of sight!
Deactivating autopickup; reactivate with Ctrl-A.
Something hits you. Something shocks you. Something hits you.
Something shocks you.
Unknown command.
Casting: Poisonous Vapours (safe; 1% risk of failure)
Confirm with . or Enter, or press ? or * to list all spells.
Aiming: Sting (safe; 1% risk of failure)
Press: ? - help, Shift-Dir - straight line Something barely misses you.
Unknown command.
Something hits you. Something shocks you.
* * * LOW HITPOINT WARNING * * *
Something hits you.
* * * LOW HITPOINT WARNING * * *
Something shocks you.
* * * LOW HITPOINT WARNING * * *
Danger!
As you read the scroll of summoning, it crumbles to dust.
Wisps of shadow whirl around you... Something hits you.
* * * LOW HITPOINT WARNING * * *
Something shocks you.
You die...

Skill      XL: |  1  2  3  4  5  6  7  8 |
---------------+-------------------------+-----
Spellcasting   | 4 5 6 9 10 | 10.0
Poison Magic   | 4 5 6 7 |  7.0
Conjurations   | 1 2 |  2.0
Air Magic      | 1 2 |  2.4
Transmutations | 2 |  2.0
Summonings     | 2 |  2.4
Dodging        | |  2.4
Stealth        | |  2.4

Action                     |  1- 3 |  4- 6 |  7- 9 || total
---------------------------+-------+-------+-------++-------
  Melee: Dagger            |    34 |     7 |    37 ||    78
         Punch             |       |       |     2 ||     2
   Cast: Sting             |    45 |    41 |    41 ||   127
         Poisonous Vapours |    14 |    15 |     6 ||    35
         Olgreb's Toxic Ra |       |     9 |     7 ||    16
         Mephitic Cloud    |       |     3 |     2 ||     5
  Evoke: Wand              |       |     5 |       ||     5
    Use: Potion            |       |       |     2 ||     2
         Scroll            |       |       |    12 ||    12
   Stab: Sleeping          |     1 |       |       ||     1
 Armour: Robe              |     5 |     3 |     8 ||    16
         Skin              |       |       |     7 ||     7
  Dodge: Dodged            |    28 |    18 |    53 ||    99

Levels and vault maps discovered:
D:1:      shiori_shiawase, layout_basic,
          hellmonk_ecumenical_altar_inner_sanctum, fountainhead,
          dreamdust_princess_bridge
D:2:      layout_loops_ring
D:3:      layout_rooms, nzn_hepliaklqana_mist_gate
D:4:      cheibrodos_old_hovel, layout_loops_cross,
          mainiacjoe_overflow_cross_hatched, fedhas_altar_4,
          grunt_nemelex_the_gamble, minmay_crystal_room, nicolae_shop_gadgets
D:5:      wad_pebble_path, layout_rooms, minmay_temple_entry_mini_moons,
          st_stairs_2, uniq_ijyb
D:6:      layout_loops_corners, nicolae_ashenzari_panopticon,
          mainiacjoe_overflow_boulevard, minmay_fountain_box, st_stairs_6,
          minmay_manual_mares, uniq_menkaure
Temple:   nicolae_temple_ecumenical_triangle

Notes
Turn   | Place    | Note
-------+----------+-------------------------------------------
     0 | D:1      | Sobieck the Deep Elf Venom Mage began the quest for the
                  | Orb.
     0 | D:1      | Reached XP level 1. HP: 10/10 MP: 6/6
    28 | D:1      | You add the spells Ozocubu's Armour and Ozocubu's
                  | Refrigeration to your library.
   288 | D:1      | Reached XP level 2. HP: 15/15 MP: 3/8
   540 | D:1      | Learned a level 2 spell: Poisonous Vapours
   744 | D:1      | Reached skill level 4 in Spellcasting
   744 | D:1      | Reached skill level 4 in Poison Magic
   744 | D:1      | Reached XP level 3. HP: 19/19 MP: 6/10
  1177 | D:1      | Found a faded altar of an unknown god.
  2097 | D:3      | Learned a level 3 spell: Mephitic Cloud
  2267 | D:3      | Reached XP level 4. HP: 16/24 MP: 6/12
  2411 | D:3      | Learned a level 4 spell: Olgreb's Toxic Radiance
  2618 | D:3      | Found a hazy altar of Hepliaklqana.
  2686 | D:4      | Found a snail-covered altar of Cheibriados.
  2829 | D:4      | Noticed an ogre
  2846 | D:4      | Killed an ogre
  2847 | D:4      | Reached skill level 5 in Spellcasting
  2847 | D:4      | Reached skill level 1 in Conjurations
  2847 | D:4      | Reached skill level 1 in Air Magic
  2847 | D:4      | Reached XP level 5. HP: 28/28 MP: 7/14
  2932 | D:4      | Reached skill level 5 in Poison Magic
  3178 | D:4      | Reached skill level 2 in Transmutations
  3235 | D:4      | Found a blossoming altar of Fedhas.
  3329 | D:4      | Found Fuwocuer's Gadget Gallery.
  3350 | D:4      | Reached XP level 6. HP: 32/32 MP: 4/16
  3351 | D:4      | Reached skill level 2 in Conjurations
  3533 | D:4      | Reached skill level 2 in Air Magic
  3810 | D:4      | Found a sparkling altar of Nemelex Xobeh.
  3810 | D:4      | Found a transporter.
  3929 | D:4      | Reached skill level 6 in Poison Magic
  4138 | D:5      | Entered Level 5 of the Dungeon
  4141 | D:5      | Reached skill level 6 in Spellcasting
  4151 | D:4      | Reached XP level 7. HP: 11/36 MP: 1/18
  4336 | D:5      | Found a staircase to the Ecumenical Temple.
  4342 | Temple   | Entered the Ecumenical Temple
  4347 | Temple   | Became a worshipper of Sif Muna the Loreminder
  4423 | D:5      | Reached skill level 7 in Poison Magic
  4474 | D:5      | Reached skill level 7 in Spellcasting
  4745 | D:5      | HP: 7/36 [centaur (6)]
  4748 | D:5      | Reached skill level 8 in Spellcasting
  4938 | D:5      | Reached skill level 9 in Spellcasting
  4938 | D:5      | Reached XP level 8. HP: 34/41 MP: 15/23
  5211 | D:5      | Noticed Ijyb
  5223 | D:5      | Killed Ijyb
  5247 | D:5      | You pick up a book of the Sky and begin reading...
  5247 | D:5      | You add the spells Summon Lightning Spire, Storm Form and
                  | Maxwell's Capacitive Coupling to your library.
  5253 | D:5      | Learned a level 4 spell: Summon Lightning Spire
  5288 | D:6      | Reached skill level 10 in Spellcasting
  5288 | D:6      | Reached skill level 1 in Summonings
  5533 | D:6      | Reached skill level 2 in Summonings
  5709 | D:6      | Found a broken altar of Ashenzari.
  5797 | D:6      | HP: 9/41 [something (6)]
  5798 | D:6      | Slain by a sky beast

Vanquished Creatures
  A water moccasin (D:5)
  A black bear (D:6)
  An ogre (D:4)
  A centaur (D:5)
  2 phantoms (D:5)
  A bullfrog (D:5)
  3 scorpions
  A howler monkey (D:6)
  2 hounds
  A jelly (D:4)
  A gnoll bouda (D:4)
  3 orc priests
  Ijyb (D:5)
  2 sleepcaps (D:5)
  5 iguanas
  4 gnolls
  3 adders
  2 shadow imps
  A worm (D:3)
  2 dart slugs (D:1)
  11 orcs
  3 bats
  5 endoplasms
  4 giant cockroaches
  3 goblins
  7 hobgoblins
  3 jackals (D:2)
  6 kobolds
  4 quokkas
  2 ball pythons (D:1)
  3 frilled lizards (D:1)
  4 rats
93 creatures vanquished.

Vanquished Creatures (others)
  6 fungi (D:4)
  5 plants (D:4)
11 creatures vanquished.

Grand Total: 104 creatures vanquished

Table legend:
 A = Non-vault XP
 B = Vault XP
 C = Vault XP percentage of total XP
 D = Non-vault monster count
 E = Vault monster count
 F = Vault count percentage of total count
                 A         B        C        D         E       F
            +---------+---------+-------+---------+---------+-------
      Total |    1604 |     336 |  17.3 |      88 |       5 |   5.4
            +---------+---------+-------+---------+---------+-------
        D:1 |      54 |       0 |   0.0 |      22 |       0 |   0.0
        D:2 |      17 |       0 |   0.0 |       9 |       0 |   0.0
        D:3 |     100 |       0 |   0.0 |      13 |       0 |   0.0
        D:4 |     558 |       2 |   0.4 |      25 |       1 |   3.8
        D:5 |     656 |     334 |  33.7 |      13 |       4 |  23.5
        D:6 |     219 |       0 |   0.0 |       6 |       0 |   0.0
            +---------+---------+-------+---------+---------+-------

Skill      XL: |  1  2  3  4  5  6  7  8 |
---------------+-------------------------+-----
Spellcasting   | 4 5 6 9 10 | 10.0
Poison Magic   | 4 5 6 7 |  7.0
Conjurations   | 1 2 |  2.0
Air Magic      | 1 2 |  2.4
Transmutations | 2 |  2.0
Summonings     | 2 |  2.4
Dodging        | |  2.4
Stealth        | |  2.4

Action                     |  1- 3 |  4- 6 |  7- 9 || total
---------------------------+-------+-------+-------++-------
  Melee: Dagger            |    34 |     7 |    37 ||    78
         Punch             |       |       |     2 ||     2
   Cast: Sting             |    45 |    41 |    41 ||   127
         Poisonous Vapours |    14 |    15 |     6 ||    35
         Olgreb's Toxic Ra |       |     9 |     7 ||    16
         Mephitic Cloud    |       |     3 |     2 ||     5
  Evoke: Wand              |       |     5 |       ||     5
    Use: Potion            |       |       |     2 ||     2
         Scroll            |       |       |    12 ||    12
   Stab: Sleeping          |     1 |       |       ||     1
 Armour: Robe              |     5 |     3 |     8 ||    16
         Skin              |       |       |     7 ||     7
  Dodge: Dodged            |    28 |    18 |    53 ||    99

Illustrated notes

Table legend:
 A = Kills in this place as a percentage of kills in the entire game.
 B = Kills by you in this place as a percentage of kills by you in the entire game.
 C = Kills by friends in this place as a percentage of kills by friends in the entire game.
 D = Other kills in this place as a percentage of other kills in the entire game.
 E = Experience gained in this place as a percentage of experience gained in the entire game.
 F = Experience gained in this place divided by the number of levels of this place that you have seen.
                   A       B       C       D       E      F
               +-------+-------+-------+-------+-------+----------------------
         Total | 100.0 | 100.0 |   N/A |   N/A | 100.0 | 277.1
       Dungeon | 100.0 | 100.0 |   N/A |   N/A | 100.0 | 323.3
               +-------+-------+-------+-------+-------+----------------------

Table legend: (Time is in decaauts)
 A = Elapsed time spent in this place.
 B = Non-inter-level travel time spent in this place.
 C = Inter-level travel time spent in this place.
 D = Time resting spent in this place.
 E = Time spent auto-exploring this place.
 F = Levels seen in this place.
 G = Mean time per level.
                   A        B        C        D        E       F      G
               +--------+--------+--------+--------+--------+-----+--------+
         Total |   5805 |   5595 |    210 |   1476 |   2987 |   7 |  829.3 |
       Dungeon |   5795 |   5590 |    205 |   1476 |   2987 |   6 |  965.8 |
        Temple |     10 |      5 |      5 |      0 |      0 |   1 |   10.0 |
               +--------+--------+--------+--------+--------+-----+--------+

Top non-repeatable levels by time:
     D:4: 1408 daAuts
     D:1: 1194 daAuts
     D:5: 1151 daAuts
     D:3: 975 daAuts
     D:2: 741 daAuts
     D:6: 322 daAuts
  Temple: 10 daAuts
